 Dungeon Crawl Stone Soup version 0.23.2-30-g0e89c35649 (webtiles) character file.

Game seed: 17632916290716524882

220 troglodite the Digger (level 5, -3/27 HPs)
             Began as a Gargoyle Earth Elementalist on June 18, 2019.
             Was an Initiate of Hepliaklqana.
             Slain by a scorpion (5 damage)
             ... on level 4 of the Dungeon.
             The game lasted 00:11:55 (4466 turns).

troglodite the Digger (Gargoyle Earth Elementalist) Turns: 4466, Time: 00:11:56

Health: -3/27      AC: 12    Str: 16    XL:     5   Next: 97%
Magic:  8/8        EV: 11    Int: 17    God:    Hepliaklqana [......]
Gold:   275        SH:  0    Dex: 10    Spells: 1/9 levels left

rFire    . . .     SeeInvis .   s - +0 mace
rCold    . . .     Gourm    .   (no shield)
rNeg     + . .     Faith    .   u - +2 ring mail {rPois}
rPois    ∞         Spirit   .   x - +0 helmet
rElec    +         Reflect  .   (no cloak)
rCorr    .         Harm     .   (no gloves)
MR       .....                  (no boots)
Stlth    ++........             (no amulet)
HPRegen  0.09/turn              m - ring of stealth
MPRegen  0.11/turn              A - +5 ring of strength

@: no status effects
A: reduced essence, negative energy resistance 1, electricity resistance,
unbreathing, petrification resistance, rot immunity, AC +4
a: Recall Ancestor, Ancestor Identity, Renounce Religion


You were on level 4 of the Dungeon.
You worshipped Hepliaklqana.
Hepliaklqana was noncommittal.
You were not hungry.

You visited 2 branches of the dungeon, and saw 5 of its levels.

You collected 275 gold pieces.

Inventory:

Hand Weapons
 r - a +1 dagger of speed
 s - a +0 mace (weapon)
Missiles
 b - 129 stones (quivered)
Armour
 u - a +2 ring mail of poison resistance (worn)
 x - a +0 helmet (worn)
Jewellery
 m - a ring of stealth (left hand)
 q - a +4 ring of strength
 y - an uncursed ring of see invisible
 A - a +5 ring of strength (right hand)
Scrolls
 a - a scroll of remove curse {unknown}
 f - a scroll of enchant weapon {unknown}
 g - a scroll of fear {unknown}
 h - a scroll of identify {unknown}
 i - a scroll of magic mapping {unknown}
 j - 3 scrolls of teleportation
 k - a scroll of fog {unknown}
 l - a scroll of immolation {unknown}
 t - a scroll of blinking
 B - a scroll of enchant armour {unknown}
Potions
 c - 2 potions of might {unknown}
 e - a potion of lignification {unknown}
 n - 4 potions of agility {unknown}
 o - a potion of ambrosia {unknown}
 p - 2 potions of curing {unknown}
 v - a potion of cancellation {unknown}
 w - a potion of resistance {unknown}
 z - 2 potions of heal wounds {unknown}
Comestibles
 d - 7 rations


   Skills:
 * Level 1.6 Fighting
 + Level 0.5 Short Blades
 + Level 1.7 Maces & Flails
 + Level 0.3 Armour
 + Level 2.1 Dodging
 * Level 3.1 Stealth
 * Level 2.6 Spellcasting
 * Level 1.1 Conjurations
 * Level 1.2 Transmutations
 * Level 0.1 Air Magic
 * Level 4.8 Earth Magic


You had one spell level left.
You knew the following spells:

 Your Spells              Type           Power        Failure   Level  Hunger
a - Sandblast             Erth           ###...       4%          1    #......
b - Stone Arrow           Conj/Erth      ##....       30%         3    ###....
c - Passwall              Tmut/Erth      ##......     16%         2    ##.....
d - Swiftness             Chrm/Air       #.......     45%         2    ##.....

Your spell library contained the following spells:

 Spells                   Type           Power        Failure   Level  Hunger
 Flame Tongue             Conj/Fire      #....        28%         1    #......
 Poisonous Vapours        Pois/Air       #.....       45%         2    ##.....
 Petrify                  Tmut/Erth      ##......     69%         4    #####..
 Lee's Rapid Deconstruct  Erth           ###.......   78%         5    ######.
 Deflect Missiles         Chrm/Air       #.........   100%        6    #######
 Ignition                 Fire           #.........   100%        8    #######


Dungeon Overview and Level Annotations

Branches:
Dungeon (4/15)             Temple (1/1) D:4

Altars:
Ashenzari
Cheibriados
Dithmenos
Fedhas
Hepliaklqana
Kikubaaqudgha
Nemelex Xobeh
Okawaru
Qazlal
Ru
Sif Muna
Trog
Uskayaw
Vehumet
Xom
Yredelemnul

Annotations:
D:4 Eustachio


Innate Abilities, Weirdness & Mutations

You are resistant to torment.
Your stone body is resilient. (AC +4)
You are immune to poison.
You resist negative energy. (rN+)
You are resistant to electric shocks. (rElec)
You can survive without breathing.
You are immune to petrification.
You are immune to rotting.
Your life essence is reduced to manifest your ancestor. (-10% HP)


Message History

The scorpion is severely wounded.
The phantom hits you. The scorpion barely misses you.
Mirna closely misses the phantom.
You hit the scorpion.
The scorpion is severely wounded.
The phantom hits you.
The scorpion stings you but does no damage.
Mirna barely misses the phantom.
The phantom hits you but does no damage.
You hit the scorpion.
The scorpion is almost dead.
The scorpion stings you.
Mirna misses the phantom.
The phantom hits you but does no damage.
Mirna misses the phantom.
The scorpion stings you!
* * * LOW HITPOINT WARNING * * *
You hit the scorpion.
The scorpion is almost dead.
The phantom closely misses you.
Mirna barely misses the phantom.
The scorpion stings you.
You die...

## #r# #.# #########r#
..........# ### ###########
#.. #.# #.# ###W###.####
#..R@s......
......#>###.#### ..... #.#
.... #.########### ...
#..)........# ..
#.#########.# .
#.........#.#
#######################.#.#
.[.......#.#.#.## #.#.#


You could see the friendly Mirna the ancestor, a phantom and a scorpion.

Vanquished Creatures
  A worker ant (D:4)
  5 gnolls (D:4)
  6 adders
  2 worms
  A dart slug (D:2)
  3 leopard geckos
  6 orcs
  A ball python (D:2)
  3 giant cockroaches
  12 goblins
  9 hobgoblins
  3 jackals (D:2)
  A quokka (D:3)
  9 bats
  4 frilled lizards
  8 kobolds
  5 rats
79 creatures vanquished.

Vanquished Creatures (collateral kills)
  A quokka (D:4)
  A frilled lizard (D:4)
  A quokka skeleton (D:4)
3 creatures vanquished.

Vanquished Creatures (others)
  3 ancestors (D:4)
3 creatures vanquished.

Grand Total: 85 creatures vanquished

Notes
Turn   | Place    | Note
-------+----------+-------------------------------------------
     0 | D:1      | troglodite the Gargoyle Earth Elementalist began the quest
                  | for the Orb.
     0 | D:1      | Reached XP level 1. HP: 10/10 MP: 3/3
   214 | D:1      | Reached skill level 4 in Earth Magic
   327 | D:1      | Reached XP level 2. HP: 8/16 MP: 5/5
  1210 | D:2      | Reached XP level 3. HP: 12/20 MP: 6/6
  1310 | D:2      | Learned a level 3 spell: Stone Arrow
  1339 | D:2      | Reached skill level 1 in Fighting
  1814 | D:2      | Reached XP level 4. HP: 21/25 MP: 7/7
  2047 | D:2      | Learned a level 2 spell: Passwall
  2286 | D:3      | Reached skill level 1 in Maces & Flails
  2669 | D:3      | Reached skill level 1 in Transmutations
  2678 | D:3      | Reached XP level 5. HP: 18/29 MP: 8/8
  3221 | D:4      | Reached skill level 1 in Conjurations
  3294 | D:4      | Found an iron altar of Okawaru.
  3433 | D:4      | Found a staircase to the Ecumenical Temple.
  3437 | D:4      | Identified the Reference Book on Lightness and the Blaze
  3454 | Temple   | Entered the Ecumenical Temple
  3688 | Temple   | Became a worshipper of Hepliaklqana the Forgotten
  3692 | Temple   | Learned a level 2 spell: Swiftness
  3863 | D:4      | Noticed Eustachio
  3878 | D:4      | Found a stormy altar of Qazlal.
  3916 | D:4      | Found a hide-covered altar of Uskayaw.
  4454 | D:4      | Noticed a phantom
  4466 | D:4      | Slain by a scorpion

Skill      XL: |  1  2  3  4  5 |
---------------+----------------+-----
Earth Magic    | 4 |  4.8
Fighting       | 1 |  1.6
Maces & Flails | 1 |  1.7
Transmutations | 1 |  1.2
Conjurations   | 1 |  1.1
Stealth        | 3 |  3.1
Dodging        | 2 |  2.1
Short Blades   | |  0.5
Armour         | |  0.3
Spellcasting   | |  2.6
Air Magic      | |  0.1

Action                   |  1- 3 |  4- 6 || total
-------------------------+-------+-------++-------
Melee: Dagger            |    71 |       ||    71
       Club              |    61 |       ||    61
       Mace              |       |   216 ||   216
 Cast: Sandblast         |    14 |     2 ||    16
       Stone Arrow       |       |     1 ||     1
  Use: Scroll            |       |     2 ||     2
 Stab: Sleeping          |     6 |     4 ||    10
  Eat: Chunk             |     3 |     7 ||    10
       Ration            |       |     1 ||     1
Armor: Robe              |    55 |       ||    55
       Ring mail         |     4 |   172 ||   176
Dodge: Dodged            |    89 |   202 ||   291
